 Dungeon Crawl Stone Soup version 0.24-a0-530-g18ba70b5 (webtiles) character file.

Game seed: 6763775857468757693

91 pkoi the Slasher (level 4, 0/35 HPs)
             Began as a Demonspawn Fighter on Aug 7, 2019.
             Killed from afar by Sigmund (10 damage)
             ... with a puff of flame
             ... on level 2 of the Dungeon.
             The game lasted 00:02:10 (1291 turns).

pkoi the Slasher (Demonspawn Fighter)               Turns: 1291, Time: 00:02:11

Health: 0/35       AC: 11    Str: 17    XL:     4   Next: 34%
Magic:  4/4        EV:  2    Int:  9    God:
Gold:   125        SH:  9    Dex: 10    Spells: 3/3 levels left

rFire    . . .     SeeInvis .   a - +0 long sword
rCold    . . .     Gourm    .   c - +1 shield
rNeg     . . .     Faith    .   l - +0 plate armour
rPois    .         Spirit   .   (no helmet)
rElec    .         Reflect  .   (no cloak)
rCorr    .         Harm     .   (no gloves)
MR       .....                  (no boots)
Stlth    ..........             (no amulet)
HPRegen  0.11/turn              m - -3 ring of dexterity (curse)
MPRegen  0.09/turn              (no ring)

@: no status effects
A: claws 1, powered by pain 1, rot immunity
a: no special abilities


You were on level 2 of the Dungeon.
You were not hungry.

You visited 1 branch of the dungeon, and saw 2 of its levels.

You collected 125 gold pieces.

Inventory:

Hand Weapons
 a - a +0 long sword (weapon)
Missiles
 n - 11 poisoned darts (quivered)
Armour
 b - a +0 scale mail
 c - a +1 shield (worn)
 l - a +0 plate armour (worn)
Jewellery
 m - a cursed -3 ring of dexterity (left claw)
Scrolls
 e - 2 scrolls of remove curse {unknown}
 j - a scroll of identify
 k - 2 scrolls of blinking
Potions
 d - a potion of might
 h - a potion of brilliance
 i - a potion of haste {unknown}
Comestibles
 f - 4 rations
 g - 3 chunks of flesh


   Skills:
 - Level 3.0 Fighting
 + Level 4.2 Long Blades
 - Level 2.6 Armour
 - Level 2.6 Shields


You had 3 spell levels left.
You didn't know any spells.
Your spell library was empty.

Dungeon Overview and Level Annotations

Branches:
Dungeon (2/15)

Altars:

Annotations:
D:2 Sigmund


Innate Abilities, Weirdness & Mutations

You have sharp fingernails.
You sometimes gain a little power by taking damage.
You are immune to rotting.


Message History

Sigmund gestures at you while chanting. The magic dart hits you.
Sigmund hits you from afar with a +0 scythe!
Sigmund points at you and mumbles some strange words.
You resist with some effort.
You completely miss Sigmund. Sigmund hits you with a +0 scythe!
* * * LOW HITPOINT WARNING * * *
Your shield and plate armour prevent you from hitting Sigmund.
Sigmund gestures at you while chanting. The puff of flame hits you!
* * * LOW HITPOINT WARNING * * *
You closely miss Sigmund.
Sigmund gestures wildly while chanting.
Sigmund flickers and vanishes!
Deactivating autopickup; reactivate with Ctrl-A.
You closely miss something.
You hear some strange, mumbled words.
A puff of flame appears from out of thin air!
The puff of flame hits you!
You die...

##### ....# ###.# ##############
#.# #............#
#.########............#
#.#>..)..'(...........#
#.#.######.......##############
#^....................)........
#####(........@{.............##
#........................#
#######...........)............#
.....##........................#
.....##............#####'#######
.....###########'### #.# .....#
#รท# #.# .....### #.# .#
.......# #.# .#


There were no monsters in sight!

Vanquished Creatures
  Natasha (D:2)
  3 dart slugs
  8 giant cockroaches
  9 goblins
  9 hobgoblins
  3 jackals (D:2)
  7 bats
  2 frilled lizards
  6 kobolds
  5 rats (D:1)
53 creatures vanquished.

Notes
Turn   | Place    | Note
-------+----------+-------------------------------------------
     0 | D:1      | pkoi the Demonspawn Fighter began the quest for the Orb.
     0 | D:1      | Reached XP level 1. HP: 18/18 MP: 1/1
    26 | D:1      | Reached skill level 2 in Long Blades
    68 | D:1      | Gained mutation: You sometimes gain a little power by
                  | taking damage. [demonic ancestry]
    68 | D:1      | Reached XP level 2. HP: 20/24 MP: 2/2
   216 | D:1      | Reached skill level 3 in Long Blades
   277 | D:1      | Gained mutation: You have sharp fingernails. [demonic
                  | ancestry]
   277 | D:1      | Reached XP level 3. HP: 24/29 MP: 3/3
   725 | D:2      | Noticed Sigmund
  1020 | D:2      | Noticed Natasha
  1024 | D:2      | Killed Natasha
  1024 | D:2      | Reached skill level 4 in Long Blades
  1024 | D:2      | Gained mutation: You are immune to rotting. [demonic
                  | ancestry]
  1024 | D:2      | Reached XP level 4. HP: 35/35 MP: 4/4
  1291 | D:2      | Killed from afar by Sigmund

Levels and vault maps discovered:
D:1:      eino_arrival_cavern_a, layout_rooms
D:2:      layout_basic, uniq_natasha, uniq_sigmund

Skill      XL: |  1  2  3 |
---------------+----------+-----
Long Blades    | 2 3 4 |  4.2
Fighting       | |  3.0
Armour         | |  2.6
Shields        | |  2.6

Action                   |  1- 3 |  4- 6 || total
-------------------------+-------+-------++-------
Melee: Long sword        |   122 |    25 ||   147
  Use: Scroll            |     3 |       ||     3
       Potion            |     2 |       ||     2
  Eat: Chunk             |     1 |     1 ||     2
Armor: Scale mail        |    53 |       ||    53
       Plate armour      |    30 |    11 ||    41
Dodge: Dodged            |    44 |       ||    44
Block: Shield            |    82 |     6 ||    88
       Rpst.: Long sword |    14 |       ||    14

Table legend:
 A = Non-vault XP
 B = Vault XP
 C = Vault XP percentage of total XP
 D = Non-vault monster count
 E = Vault monster count
 F = Vault count percentage of total count
                 A         B        C        D         E       F
            +---------+---------+-------+---------+---------+-------
      Total |      96 |      35 |  26.7 |      52 |       1 |   1.9
            +---------+---------+-------+---------+---------+-------
        D:1 |      61 |       0 |   0.0 |      34 |       0 |   0.0
        D:2 |      35 |      35 |  50.0 |      18 |       1 |   5.3
            +---------+---------+-------+---------+---------+-------
